 Dungeon Crawl Stone Soup version 0.16-a0-3855-gd2600ac (webtiles) character file.

1143 timbw the Carver (level 8, -2/74 HPs)
             Began as a Troll Fighter on Feb 1, 2015.
             Slain by a killer bee (6 damage)
             ... on level 7 of the Dungeon.
             The game lasted 00:09:46 (2067 turns).

timbw the Carver (Troll Fighter)                    Turns: 2067, Time: 00:09:46

Health: -2/74      AC:  6    Str: 22    XL:     8   Next: 15%
Magic:  3/3        EV:  7    Int:  4    God:
Gold:   145        SH:  8    Dex: 11    Spells: 0 memorised, 7 levels left

rFire  x . .     SeeInvis .     a - +0 long sword
rCold  + . .     Clarity  .     b - +0 robe
rNeg   . . .     SustAb   .     c - +0 shield
rPois  .         Gourm    +     (helmet restricted)
rElec  .         Spirit   .     r - +0 cloak
rCorr  .         Warding  .     (gloves unavailable)
rMut   .         Stasis   .     (boots unavailable)
MR     .....                    (no amulet)
Stlth  +.........               v - ring of ice
                                g - -3 ring of strength

@: lethally poisoned, about to teleport, not resistant to hostile enchantments,
very unstealthy
A: unfitting armour, claws 3, fast metabolism 3, gourmand, regeneration 2,
shaggy fur 1, tough skin 2
a: no special abilities


You were on level 7 of the Dungeon.
You were not hungry.

You visited 1 branch of the dungeon, and saw 7 of its levels.

You collected 145 gold pieces.

Inventory:

Hand weapons
 a - a +0 long sword (weapon)
 l - a +0 falchion
Missiles
 h - a stone (quivered)
 x - 3 large rocks
Armour
 b - a +0 robe (worn)
 c - a +0 shield (worn)
 r - a +0 cloak (worn)
Jewellery
 g - a -3 ring of strength (left claw)
 q - an uncursed ring of protection from cold
 v - a ring of ice (right claw)
Magical devices
 j - a wand of magic darts (23)
 m - a wand of slowing (9)
 n - a wand of disintegration (13)
Scrolls
 s - a scroll of remove curse
Potions
 e - a potion of might
 f - a potion of restore abilities
 u - a potion of flight {unknown}
Books
 i - a Young Poisoner's Handbook

   Spells                             Type                      Level
   a - Sting                          Conjuration/Poison           1
   b - Cure Poison                    Poison                       2
   c - Mephitic Cloud                 Conjuration/Poison/Air       3
   d - Olgreb's Toxic Radiance        Poison                       4
   e - Venom Bolt                     Conjuration/Poison           5
Comestibles
 d - 3 meat rations
 k - a beef jerky
 o - 2 bread rations


   Skills:
 - Level 2.4 Fighting
 + Level 8.3 Long Blades
 - Level 2.4 Armour
 - Level 2.4 Shields


You had 7 spell levels left.
You didn't know any spells.

Dungeon Overview and Level Annotations

Branches:
Dungeon (7/15)
 Temple: D:4-7

Altars:
Cheibriados
Gozag
Okawaru

Annotations:
D:6 timbw's ghost, experienced HuMo
D:7 Menkaure


Innate Abilities, Weirdness & Mutations

You are too large for most types of armour.
You have claws for hands.
Your metabolism is lightning-fast.
You like to eat raw meat.
You heal very quickly.
You are covered in fur (AC +1).
You have very tough skin (AC +2).


Message History

As you read the scroll labeled IFICKU GHISOT, it crumbles to dust.
You feel strangely unstable.
It was a scroll of teleportation.
You feel sick.
The killer bee stings you but does no damage.
The killer bee stings you.
* * * LOW HITPOINT WARNING * * *
The killer bee barely misses you.
The killer bee stings you but does no damage.
Drink which item? (? for menu, Esc to quit)
It was a potion of restore abilities.
You feel refreshed.
You feel sick. The killer bee barely misses you.
The killer bee stings you but does no damage.
Menkaure barely misses you. You block the killer bee's attack.
The killer bee stings you but does no damage.
Unknown command.
Unknown command.
Drink which item? (? for menu, Esc to quit)
It was a potion of magic.
Magic courses through your body.
You feel sick.
The killer bee stings you but does no damage.
The killer bee stings you.
You die...

#.Z #..
#.. #..
#..
.####.§
.......c##
#§## #M@#
#.§yy#
+.§#§#
#..(.. #
#...#.. #
#.#. .# #
.... o# >.
# .. oo ##
.


y You could see Menkaure, a centaur and 2 killer bees.

Vanquished Creatures
  A sky beast (D:6)
  3 ogres
  5 big kobolds (D:3)
  2 crimson imps (D:6)
  A giant frog skeleton (D:4)
  2 hounds
  A jelly (D:5)
  An orc priest (D:4)
  A worker ant (D:5)
  3 orc wizards
  A gnoll (D:3)
  4 adders
  2 giant geckos
  An ooze (D:7)
  14 orcs
  3 bats
  A bat skeleton (D:4)
  5 goblins
  5 hobgoblins (D:3)
  A quokka (D:6)
  A giant cockroach zombie (D:5)
  3 giant newts (D:4)
  4 jackals
  29 kobolds
  A quokka skeleton (D:5)
  A quokka zombie (D:5)
  3 rats
99 creatures vanquished.

Notes
Turn   | Place    | Note
--------------------------------------------------------------
     0 | D:1      | timbw, the Troll Fighter, began the quest for the Orb.
     0 | D:1      | Reached XP level 1. HP: 22/22 MP: 1/1
    34 | D:3      | Noticed a big kobold
    55 | D:3      | Killed a big kobold
    55 | D:3      | Reached skill level 3 in Long Blades
    55 | D:3      | Reached XP level 2. HP: 13/29 MP: 1/1
    55 | D:3      | Reached XP level 3. HP: 16/36 MP: 2/2
    55 | D:3      | Reached XP level 4. HP: 19/44 MP: 2/2
   109 | D:3      | Noticed a big kobold
   120 | D:3      | Killed a big kobold
   120 | D:3      | Reached skill level 4 in Long Blades
   120 | D:3      | Reached XP level 5. HP: 15/50 MP: 2/2
   136 | D:3      | Noticed a big kobold
   245 | D:3      | Killed a big kobold
   245 | D:3      | Reached skill level 5 in Long Blades
   424 | D:3      | Noticed a big kobold
   438 | D:3      | Killed a big kobold
   438 | D:3      | Reached XP level 6. HP: 31/59 MP: 3/3
   456 | D:3      | Noticed a big kobold
   472 | D:3      | Killed a big kobold
   642 | D:4      | Found a staircase to the Ecumenical Temple.
   744 | D:5      | Entered Level 5 of the Dungeon
   751 | D:5      | Reached skill level 6 in Long Blades
   855 | D:5      | Found an iron altar of Okawaru.
  1017 | D:5      | Reached XP level 7. HP: 45/66 MP: 3/3
  1242 | D:4      | Reached skill level 7 in Long Blades
  1244 | D:4      | Found a snail-covered altar of Cheibriados.
  1707 | D:5      | Found an opulent altar of Gozag.
  1871 | D:6      | Reached XP level 8. HP: 34/74 MP: 3/3
  1873 | D:6      | Reached skill level 8 in Long Blades
  1943 | D:6      | Noticed timbw's ghost (experienced HuMo)
  2059 | D:7      | Noticed Menkaure
  2067 | D:7      | Slain by a killer bee

Action                   |  1- 3 |  4- 6 |  7- 9 || total
-------------------------+-------+-------+-------++-------
Melee: Long sword        |    13 |   256 |   209 ||   478
  Use: Scroll            |       |       |     3 ||     3
       Potion            |       |       |     2 ||     2
 Stab: Sleeping          |       |       |     1 ||     1
  Eat: Chunk             |       |    11 |     8 ||    19
